 Seeded DCSS version 0.30-a0-883-g5ad918d77d (webtiles) character file.

Game seed: 7547814903460644772 (custom seed)

261 hikkokomori the Sneak (level 5, -6/34 HPs)
             Began as a Deep Elf Fire Elementalist on Mar 18, 2023.
             Engulfed by a cloud of steam (7 damage)
             ... in a sewer.
             The game lasted 00:04:30 (2095 turns).

hikkokomori the Sneak (Deep Elf Fire Elementalist)  Turns: 2095, Time: 00:04:33

Health: -6/34      AC:  2    Str:  5    XL:     5   Next: 96%
Magic:  4/14       EV: 15    Int: 22    God:
Gold:   226        SH:  0    Dex: 15    Spells: 9/14 levels left

rFire   . . .      SeeInvis .    f - +5 dagger
rCold   . . .      Faith    .    (no shield)
rNeg    . . .      Spirit   .    a - +0 robe
rPois   .          Reflect  .    (no helmet)
rElec   .          Rampage  .    (no cloak)
rCorr   .                        (no gloves)
Will    .....                    (no boots)
Stlth   ++                       (no amulet)
HPRegen 0.25/turn                (no ring)
MPRegen 0.14/turn                (no ring)

@: very slow
A: no striking features
a: no special abilities


You were in a sewer.
You visited 1 branch of the dungeon, and saw 4 of its levels.
You also visited: Sewer.

You collected 226 gold pieces.

Inventory:

Hand Weapons
 e - a +0 rapier
 f - a +5 dagger (weapon)
Armour
 a - a +0 robe (worn)
 k - a +0 buckler
Jewellery
 r - a ring of fire
Scrolls
 c - 2 scrolls of identify {unknown}
 h - a scroll of magic mapping
 i - a scroll of immolation {unknown}
 l - a scroll of poison
 m - a scroll of vulnerability
 n - a scroll of teleportation
 u - a scroll of noise {unknown}
Potions
 b - a potion of magic
 d - 2 potions of haste {unknown}
 g - a potion of cancellation {unknown}
 j - 2 potions of might {unknown}
 o - a potion of degeneration {unknown}
 p - a potion of brilliance {unknown}
 q - a potion of berserk rage {unknown}
 s - a potion of heal wounds {unknown}
 t - a potion of curing {unknown}


   Skills:
 + Level 4.4 Fighting
 + Level 0.5 Short Blades
 - Level 6.9 Dodging
 + Level 7.7 Stealth
 - Level 5.3 Spellcasting
 + Level 6.2 Conjurations
 + Level 7.1 Fire Magic


You had 9 spell levels left.
You knew the following spells:

 Your Spells              Type           Power      Damage    Failure   Level
a - Foxfire               Conj/Fire      100%       2x1d9     1%          1
b - Flame Wave            Conj/Fire      35%        2d10      6%          4

Your spell library contained the following spells:

 Spells                   Type           Power      Damage    Failure   Level
 Scorch                   Fire           74%        2d9       1%          2
 Inner Flame              Hex/Fire       21%        N/A       7%          3
 Kindle Blastsparks       Fire/Tloc/Air  32%        2d12      11%         3
 Lesser Beckoning         Tloc           10%        N/A       14%         2
 Gell's Gravitas          Tloc           5%         N/A       28%         3
 Teleport Other           Tloc           5%         N/A       28%         3


Dungeon Overview and Level Annotations

Branches:
Dungeon (4/15)              Sewer (1/1)
 Temple: D:4-7

Altars:
Ashenzari
Wu Jian


Message History

The spell is quite dangerous to miscast (6% risk of failure)!
Continue anyway?
Casting: Flame Wave (quite dangerous; 6% risk of failure)
Press: ? - help, Dir - look around, f - activate A wave of flame ripples out!
The flame wave engulfs Pargi!
Pargi is moderately wounded. (Press . to intensify the flame waves.)
You hear an angry hiss.
Pargi closely misses you. Pargi claws you. Pargi claws you but does no damage.
A wave of flame ripples out!
The flame wave engulfs Pargi!
Pargi is severely wounded.
You are engulfed in a cloud of scalding steam.
Pargi barely misses you. Pargi claws you. x2
Unknown command.
A wave of flame ripples out!
The flame wave engulfs Pargi.
Pargi is severely wounded.
You finish channelling waves of flame.
You are engulfed in a cloud of scalding steam.
* * * LOW HITPOINT WARNING * * *
Pargi barely misses you. Pargi claws you.
* * * LOW HITPOINT WARNING * * *
Pargi closely misses you.
Unknown command.
Okay, then.
Okay, then.
Casting: Flame Wave (quite dangerous; 6% risk of failure)
Confirm with . or Enter, or press ? or * to list all spells.
Okay, then.
Press: ? - help, v - describe, . - travel
Here: Pargi (severely wounded)
The floor, spattered with blood.
Casting: Flame Wave (quite dangerous; 6% risk of failure)
Confirm with . or Enter, or press ? or * to list all spells.
The spell is quite dangerous to miscast (6% risk of failure)!
Continue anyway?
Casting: Flame Wave (quite dangerous; 6% risk of failure)
Press: ? - help, Dir - look around, f - activate A wave of flame ripples out!
The flame wave engulfs Pargi!
You kill Pargi! (Press . to intensify the flame waves.)
You are engulfed in a cloud of scalding steam.
You die...

#~≈~# #~≈~#
#######
+.~≈~.+
#.~≈~.#
####.§§§.#
#(.'.§§§.+
#†@§§.#
####§§§§.#
#..†§§§§.+
####.~≈~.#
####.~≈~.####
#..'..∩....∩#
####.~≈~.####
#.~≈~.#
+.~≈~.+


There were no monsters in sight!

Vanquished Creatures
  Pargi (Sewer)
  Jessica (D:2)
  2 orc wizards (D:3)
  4 adders
  A worm (D:2)
  3 orcs
  4 ball pythons
  4 bats
  3 endoplasms
  5 giant cockroaches
  7 hobgoblins
  3 jackals (D:2)
  2 quokkas (D:2)
  3 frilled lizards
  7 goblins
  3 kobolds
  5 rats
58 creatures vanquished.

Vanquished Creatures (others)
  35 foxfires
35 creatures vanquished.

Grand Total: 93 creatures vanquished

Notes
Turn   | Place    | Note
-------+----------+-------------------------------------------
     0 | D:1      | hikkokomori the Deep Elf Fire Elementalist began the quest
                  | for the Orb.
     0 | D:1      | Reached XP level 1. HP: 10/10 MP: 6/6
    48 | D:1      | Found a faded altar of an unknown god.
   177 | D:1      | Reached XP level 2. HP: 16/16 MP: 8/8
   464 | D:1      | Reached skill level 5 in Dodging
   464 | D:1      | Reached skill level 5 in Fire Magic
   464 | D:1      | Reached XP level 3. HP: 23/23 MP: 9/9
   465 | D:1      | Reached skill level 5 in Spellcasting
   465 | D:1      | Reached XP level 4. HP: 30/30 MP: 10/13
   471 | D:1      | Learned a level 4 spell: Flame Wave
   491 | D:2      | Noticed Jessica
   495 | D:2      | Killed Jessica
   496 | D:2      | Reached XP level 5. HP: 25/34 MP: 5/14
  1737 | D:3      | Found an ornate altar of the Wu Jian Council.
  1808 | D:3      | Found a broken altar of Ashenzari.
  2064 | D:4      | Found a glowing drain.
  2068 | Sewer    | Entered a sewer
  2090 | Sewer    | Noticed Pargi
  2094 | Sewer    | HP: 1/34 [Pargi (2)]
  2095 | Sewer    | Killed Pargi
  2095 | Sewer    | Engulfed by a cloud of steam

Illustrated notes

Levels and vault maps discovered:
D:1:      lordsloth_arrival_two_stooges, layout_basic,
          chequers_ecumenical_altar_simple
D:2:      layout_loops_ring, uniq_jessica
D:3:      layout_rooms, ashenzari_conservatory_becter,
          pdpol_wu_jian_five_deadly_venoms, kennysheep_generic_room_14
D:4:      layout_loops_corners, grunt_temple_overflow_order_and_chaos_2,
          kennysheep_mini_moat, nemelex_xobeh_ov_fountains_minmay,
          gup_sewer_entry_spiral, uniq_robin, uniq_edmund, uniq_duvessa
Sewer:    kennysheep_door_sewer

Skill      XL: |  1  2  3 |
---------------+----------+-----
Fighting       | 3 4 |  4.4
Dodging        | 5 6 |  6.9
Stealth        | 6 7 |  7.7
Conjurations   | 4 6 |  6.2
Fire Magic     | 5 7 |  7.1
Spellcasting   | 5 |  5.3
Short Blades   | |  0.5

Action                     |  1- 3 |  4- 6 || total
---------------------------+-------+-------++-------
  Melee: Dagger            |    21 |    73 ||    94
         Rapier            |     1 |       ||     1
         Unarmed           |     1 |       ||     1
         Punch             |       |     1 ||     1
   Cast: Foxfire           |     7 |    12 ||    19
         Flame Wave        |       |     3 ||     3
    Use: Potion            |     2 |       ||     2
         Scroll            |       |     5 ||     5
   Stab: Sleeping          |     1 |    10 ||    11
 Armour: Robe              |     7 |     8 ||    15
  Dodge: Dodged            |    19 |    50 ||    69

Table legend: (Time is in decaauts)
 A = Elapsed time spent in this place.
 B = Non-inter-level travel time spent in this place.
 C = Inter-level travel time spent in this place.
 D = Time resting spent in this place.
 E = Time spent auto-exploring this place.
 F = Levels seen in this place.
 G = Mean time per level.
                   A        B        C        D        E       F      G
               +--------+--------+--------+--------+--------+-----+--------+
         Total |   2112 |   2052 |     60 |      0 |   1587 |   5 |  422.4 |
       Dungeon |   2085 |   2025 |     60 |      0 |   1573 |   4 |  521.2 |
         Sewer |     26 |     26 |      0 |      0 |     14 |   1 |   26.0 |
               +--------+--------+--------+--------+--------+-----+--------+

Top non-repeatable levels by time:
     D:2: 826 daAuts
     D:3: 590 daAuts
     D:1: 488 daAuts
     D:4: 180 daAuts
   Sewer: 26 daAuts
